 Dungeon Crawl Stone Soup version 0.30-a0-585-g93115170b9 (webtiles) character file.

Game seed: 6849749465582086178

46 Newt the Trooper (level 3, 0/29 HPs)
             Began as a Demonspawn Gladiator on Jan 2, 2023.
             Succumbed to a goblin's poison
             ... on level 1 of the Dungeon.
             The game lasted 00:00:59 (769 turns).

Newt the Trooper (Demonspawn Gladiator)              Turns: 769, Time: 00:01:00

Health: 0/29       AC:  4    Str: 16    XL:     3   Next: 46%
Magic:  2/3        EV: 12    Int:  9    God:
Gold:   41         SH:  0    Dex: 14    Spells: 1/2 levels left

rFire   . . .      SeeInvis .    a - +0 rapier
rCold   . . .      Faith    .    (no shield)
rNeg    . . .      Spirit   .    f - +0 leather armour
rPois   .          Reflect  .    c - +0 helmet
rElec   .          Harm     .    (no cloak)
rCorr   .          Rampage  .    (no gloves)
Will    .....                    (no boots)
Stlth   ++                       (no amulet)
HPRegen 0.24/turn                (no ring)
MPRegen 0.08/turn                (no ring)

@: lethally poisoned (0 -> -13)
A: demonic guardian 1
a: no special abilities


You were on level 1 of the Dungeon.
You visited 1 branch of the dungeon, and saw 1 of its levels.

You collected 41 gold pieces.

Inventory:

Hand Weapons
 a - a +0 rapier (weapon)
 b - a +0 sling
Missiles
 d - 2 throwing nets (quivered)
 e - a javelin
Armour
 c - a +0 helmet (worn)
 f - a +0 leather armour (worn)
Scrolls
 h - a scroll of amnesia {unknown}
 j - a scroll of fog {unknown}
 k - a scroll of enchant armour {unknown}
Potions
 g - a potion of curing {unknown}
 i - a potion of attraction {unknown}
 l - 2 potions of heal wounds {unknown}


   Skills:
 + Level 3.2 Fighting
 - Level 2.6 Short Blades
 - Level 1.7 Throwing
 - Level 2.6 Dodging
 - Level 2.0 Stealth


You had one spell level left.
You knew the following spells:

 Your Spells              Type           Power      Damage    Failure   Level
a - Summon Small Mammal   Summ           0%         N/A       45%         1

Your spell library contained the following spells:

 Spells                   Type           Power      Damage    Failure   Level
 Magic Dart               Conj           0%         1d3       45%         1
 Call Imp                 Summ           0%         N/A       58%         2
 Call Canine Familiar     Summ           0%         N/A       83%         3
 Mephitic Cloud           Conj/Pois/Air  0%         N/A       83%         3
 Summon Guardian Golem    Hex/Summ       0%         N/A       83%         3


Dungeon Overview and Level Annotations

Branches:
Dungeon (1/15)

Altars:


Innate Abilities, Weirdness & Mutations

A weak demonic guardian rushes to your aid.


Message History

The sling bullet closely misses the goblin.
The giant cockroach bites you but does no damage. x2
The goblin misses you.
You shoot a sling bullet.
The sling bullet hits the giant cockroach.
You kill the giant cockroach!
The goblin misses you.
a - a +0 rapier (weapon)
Casting: Summon Small Mammal (safe; 45% risk of failure)
Confirm with . or Enter, or press ? or * to list all spells.
The goblin hits you with a +0 club. The kobold barely misses you.
You closely miss the kobold.
The goblin hits your rat with a +0 club.
Your rat dies!
Your rat's corpse disappears in a puff of smoke!
The kobold hits you but does no damage. The kobold closely misses you.
You hit the kobold.
You kill the kobold!
The goblin hits you with a +0 club.
The goblin hits you with a +1 dagger of venom.
You are poisoned.
You barely miss the goblin.
You feel very sick. The goblin completely misses you.
The goblin hits you but does no damage.
You are lethally poisoned!
You feel very sick. The goblin attacks as you move away!
The goblin hits you with a +1 dagger of venom.
You are more poisoned.
* * * LOW HITPOINT WARNING * * *
You feel very sick. The goblin attacks as you move away! The goblin misses you.
* * * LOW HITPOINT WARNING * * *
You feel very sick.
Throw: 3 throwing nets
Press: ? - help, Q - select action, (/) - cycle Shift-Dir - straight line, f - goblin
Aim: a goblin, wielding a +0 club (51% to hit)
You throw a throwing net. The throwing net hits the goblin.
The goblin is caught in the net!
You die...

######### #. #.......# ..
######### ###.......# .##
#.......# ...)......#
..####.......# ...#......####
...##.......### .#.#.........#
##)?.#.......... .#.#.........#
###...##..#.##....
.#.#..)...######.gg#####.........
.#.#......# #..@### ##........
.#.#.###### ###...######........
.#.#.# ###...##.....†##+#
...#.###### ##...###....# #
..........## ###...####....#.##
..##......>#####...####.#....#.#.
............##...######......#.#.
###.........#[#..............#.#.
#.........#)##......#...##.#.#.


You could see 2 goblins.

Vanquished Creatures
  A gnoll (D:1)
  A ball python (D:1)
  5 endoplasms (D:1)
  2 giant cockroaches (D:1)
  5 hobgoblins (D:1)
  2 kobolds (D:1)
  3 quokkas (D:1)
  2 bats (D:1)
  A frilled lizard (D:1)
  3 goblins (D:1)
  A rat (D:1)
26 creatures vanquished.

Vanquished Creatures (collateral kills)
  A dart slug (D:1)
  An endoplasm (D:1)
  A goblin (D:1)
  A frilled lizard (D:1)
4 creatures vanquished.

Grand Total: 30 creatures vanquished

Notes
Turn   | Place    | Note
-------+----------+-------------------------------------------
     0 | D:1      | Newt the Demonspawn Gladiator began the quest for the Orb.
     0 | D:1      | Reached XP level 1. HP: 16/16 MP: 1/1
    45 | D:1      | Reached skill level 1 in Stealth
   127 | D:1      | Gained mutation: A weak demonic guardian rushes to your
                  | aid. [demonic ancestry]
   127 | D:1      | Reached XP level 2. HP: 5/22 MP: 2/2
   523 | D:1      | Reached XP level 3. HP: 19/28 MP: 3/3
   570 | D:1      | Found a faded altar of an unknown god.
   581 | D:1      | Reached skill level 3 in Fighting
   629 | D:1      | Learned a level 1 spell: Summon Small Mammal
   769 | D:1      | Succumbed to a goblin's poison

Illustrated notes

Levels and vault maps discovered:
D:1:      dpeg_arrival_solitude, layout_rooms, ebering_ecumenical_altar_ruins,
          serial_curves, eino_curves_03, eino_curves_02,
          minmay_misc_feat_more_columns

Skill      XL: |  1  2  3 |
---------------+----------+-----
Stealth        | 1 2 |  2.0
Fighting       | 3 |  3.2
Short Blades   | |  2.6
Throwing       | |  1.7
Dodging        | |  2.6

Action                   || total
-------------------------++-------
Melee: Rapier            ||    23
 Fire: Sling             ||    78
Throw: Throwing net      ||     1
 Cast: Summon Small Mamm ||     1
Armor: Leather armour    ||    21
Dodge: Dodged            ||    45

Table legend: (Time is in decaauts)
 A = Elapsed time spent in this place.
 B = Non-inter-level travel time spent in this place.
 C = Inter-level travel time spent in this place.
 D = Time resting spent in this place.
 E = Time spent auto-exploring this place.
 F = Levels seen in this place.
 G = Mean time per level.
                   A        B        C        D        E       F      G
               +--------+--------+--------+--------+--------+-----+--------+
         Total |    801 |    801 |      0 |     69 |    536 |   1 |  801.0 |
       Dungeon |    801 |    801 |      0 |     69 |    536 |   1 |  801.0 |
               +--------+--------+--------+--------+--------+-----+--------+

Top non-repeatable levels by time:
     D:1: 801 daAuts
